 Dungeon Crawl Stone Soup version 0.27.0-1-g7a089689b8 (webtiles) character file.

Game seed: 11104766637551072199

150 x13thangelx the Covered (level 5, -1/43 HPs)
             Began as a Barachi Fighter on Aug 1, 2021.
             Was a Believer of Qazlal.
             Slain by Edmund (3 damage)
             ... on level 4 of the Dungeon.
             The game lasted 00:16:12 (3341 turns).

x13thangelx the Covered (Barachi Fighter)           Turns: 3341, Time: 00:16:13

Health: -1/43      AC: 10    Str: 18    XL:     5   Next: 32%
Magic:  5/5        EV:  8    Int:  8    God:    Qazlal [**....]
Gold:   122        SH: 12    Dex: 12    Spells: 4/4 levels left

rFire    . . .     SeeInvis .   a - +0 war axe
rCold    . . .     Faith    .   c - +0 kite shield
rNeg     . . .     Spirit   .   D - +4 ring mail
rPois    .         Reflect  .   (no helmet)
rElec    .         Harm     .   (no cloak)
rCorr    .         Rampage  .   (no gloves)
Will     .....                  (no boots)
Stlth    +.........             (no amulet)
HPRegen  0.14/turn              (no ring)
MPRegen  0.09/turn              (no ring)

@: slow
A: amphibious, slowness 1, strong legs 1, +LOS
a: Hop, Renounce Religion, Upheaval


You were on level 4 of the Dungeon.
You worshipped Qazlal.
Qazlal was pleased with you.
You visited 1 branch of the dungeon, and saw 4 of its levels.

You collected 122 gold pieces.

Inventory:

Hand Weapons
 a - a +0 war axe (weapon)
 e - a +0 club
 g - a +0 executioner's axe
 j - a +0 club
 k - a +0 whip
 o - a +0 hunting sling
 p - a +0 short sword
 q - a +0 short sword
 r - a +0 dagger
 t - a +0 club
 u - a +0 dagger
 y - a +0 whip of freezing
 z - a +0 short sword
Missiles
 f - 113 stones
 h - 16 bolts
 m - 15 poisoned darts
Armour
 b - a +0 scale mail
 c - a +0 kite shield (worn)
 i - a +0 leather armour
 n - a +0 ring mail
 x - a +0 robe
 D - a +4 ring mail (worn)
Jewellery
 l - a ring of magical power
Scrolls
 v - 3 scrolls of identify
 B - a scroll of magic mapping {unknown}
 E - a scroll of vulnerability {unknown}
Potions
 d - a potion of might
 s - a potion of curing {unknown}
 w - a potion of attraction {unknown}
 A - a potion of degeneration {unknown}
 C - a potion of heal wounds {unknown}


   Skills:
 + Level 4.4 Fighting
 + Level 3.6 Axes
 + Level 4.6 Armour
 + Level 1.0 Dodging
 + Level 0.4 Stealth
 + Level 4.1 Shields


You had 4 spell levels left.
You didn't know any spells.
Your spell library contained the following spells:

 Spells                   Type           Power      Damage    Failure   Level
 Foxfire                  Conj/Fire      0%         2x1d4     97%         1
 Sting                    Tmut/Pois      0%         1d3       97%         1
 Corpse Rot               Necr/Air       N/A        N/A       99%         2
 Poisonous Vapours        Pois/Air       0%         N/A       99%         2
 Fireball                 Conj/Fire      0%         3d3       100%        5
 Freezing Cloud           Conj/Ice/Air   0%         6-21      100%        5
 Eringya's Noxious Bog    Tmut/Pois      0%         N/A       100%        6


Dungeon Overview and Level Annotations

Branches:
Dungeon (4/15)
 Temple: D:4-7

Altars:
Qazlal
Ru
Sif Muna
Yredelemnul
The Shining One

Annotations:
D:4 Edmund


Innate Abilities, Weirdness & Mutations

You are amphibious.
You cover ground slowly.
You can hop short distances.
You have an extended range of vision and can be seen from far away.


Message History

The howler monkey hits you but does no damage.
You block Edmund's attack. The goblin hits you but does no damage.
You block the howler monkey's attack.
There is an open door here.
You slash Edmund!
Edmund is moderately wounded.
The howler monkey hoots and howls with incredible vigour!
Edmund hits you but does no damage. You block Edmund's attack.
You hear a shout!
You slash Edmund!
Edmund is heavily wounded.
Edmund hits you with a +2 vorpal flail. You block Edmund's attack.
You closely miss Edmund.
Edmund is heavily wounded.
You block Edmund's attack.
You hit Edmund but do no damage.
Edmund is heavily wounded.
You block Edmund's attack. Edmund hits you with a +2 vorpal flail.
You hit Edmund but do no damage.
Edmund is heavily wounded.
The howler monkey hoots and howls with incredible vigour!
You block Edmund's attack.
You hit Edmund but do no damage.
Edmund is heavily wounded.
You block Edmund's attack. Edmund hits you with a +2 vorpal flail!
* * * LOW HITPOINT WARNING * * *
You hit Edmund.
Edmund is severely wounded.
Edmund barely misses you.
An ufetubus comes into view.
The ufetubus shouts!
The howler monkey hoots and howls with incredible vigour!
Edmund hits you with a +2 vorpal flail!
* * * LOW HITPOINT WARNING * * *
x2 Edmund clears his throat.
The howler monkey hoots and howls with incredible vigour!
Edmund hits you but does no damage.
The howler monkey hoots and howls with incredible vigour!
Edmund hits you with a +2 vorpal flail.
You die...

..##.....########.##
##......# #.#
#.....### #.# ##...##
#.# ##.## #####.# #.#
#.....# #.# #.#####
##'## #.# ##.@.## #.#
##..@g.## #.##
##...§...## #..##
#...§h5...####...#####
+....g....'...........
#.........####...#####
##.......## #....#
##.....## ####.#
##...## #.#


You could see Edmund, a howler monkey (catching breath), an ufetubus and 2
goblins.

Vanquished Creatures
  A scorpion (D:4)
  3 adders (D:2)
  A dart slug (D:2)
  An orc (D:3)
  4 ball pythons
  4 endoplasms
  2 giant cockroaches (D:2)
  3 goblins
  10 hobgoblins
  11 jackals
  2 quokkas
  3 bats (D:2)
  6 kobolds
  4 rats
55 creatures vanquished.

Vanquished Creatures (others)
  A fungus (D:1)
  3 plants (D:1)
4 creatures vanquished.

Grand Total: 59 creatures vanquished

Notes
Turn   | Place    | Note
-------+----------+-------------------------------------------
     0 | D:1      | x13thangelx the Barachi Fighter began the quest for the
                  | Orb.
     0 | D:1      | Reached XP level 1. HP: 18/18 MP: 1/1
   130 | D:1      | Found a faded altar of an unknown god.
   155 | D:1      | Got Plato's Volume of Fire
   156 | D:1      | Became a worshipper of Qazlal Stormbringer
   156 | D:1      | Reached * piety under Qazlal
   221 | D:1      | Reached XP level 2. HP: 23/25 MP: 2/2
   848 | D:2      | Reached XP level 3. HP: 15/30 MP: 3/3
   971 | D:2      | Got the Guide on the Venomous Volcanoes
  1548 | D:2      | Reached XP level 4. HP: 37/37 MP: 4/4
  1558 | D:2      | Reached ** piety under Qazlal
  1969 | D:3      | Found a glowing golden altar of the Shining One.
  2476 | D:3      | Found a shimmering blue altar of Sif Muna.
  2722 | D:4      | Found a sacrificial altar of Ru.
  2731 | D:4      | Noticed a scorpion
  2745 | D:4      | Killed a scorpion
  2746 | D:4      | Reached skill level 1 in Dodging
  2746 | D:4      | Reached XP level 5. HP: 20/43 MP: 5/5
  3081 | D:4      | Found a basalt altar of Yredelemnul.
  3316 | D:4      | Noticed Edmund
  3333 | D:4      | HP: 1/43 [Edmund (3)]
  3341 | D:4      | Slain by Edmund

Illustrated notes

Levels and vault maps discovered:
D:1:      lemuel_arrival_room, layout_basic,
          shapermc_ecumenical_altar_rom_forum, minmay_misc_feat_ornament
D:2:      layout_loops_ring
D:3:      layout_rooms, overflow_temple_1_default, lemuel_blue_sif_altar
D:4:      layout_loops_corners, nicolae_ru_path_of_blood,
          mainiacjoe_overflow_small_starburst, uniq_edmund

Skill      XL: |  1  2  3  4 |
---------------+-------------+-----
Armour         | 4 |  4.6
Fighting       | 4 |  4.4
Axes           | 3 |  3.6
Dodging        | 1 |  1.0
Shields        | 4 |  4.1
Stealth        | |  0.4

Action                   |  1- 3 |  4- 6 || total
-------------------------+-------+-------++-------
Melee: War axe           |    80 |    74 ||   154
  Use: Scroll            |     2 |     1 ||     3
 Stab: Held in net/web   |     1 |       ||     1
Armor: Scale mail        |    43 |    44 ||    87
       Ring mail         |       |    10 ||    10
Dodge: Dodged            |    29 |    25 ||    54
Block: Kite shield       |    60 |    60 ||   120
